[Event "Titled Tuesday Blitz June 21 Late 2022"]
[White "Oparin, Grigoriy"]
[Black "Corrales Jimenez, Fidel"]
[WhiteFideId "24125890"]
[BlackFideId "3506690"]
[WhiteElo "2639"]
[BlackElo "2541"]
[Result "0-1"]
[Round "04"]
[TimeControl "180+1"]
[Date "2022.06.21"]
[WhiteClock "0:00:22"]
[BlackClock "0:00:47"]

1. d4 Nf6 2. c4 g6 3. Nf3 Bg7 4. Nc3 d5 5. cxd5 Nxd5 6. e4 Nxc3 7. bxc3 c5 8. Bb5+ Nc6 9. O-O O-O 10. Bxc6 bxc6 11. Qc2 Qa5 12. a4 Ba6 13. Rd1 Rfb8 14. Ba3 Bc4 15. Rdc1 Qa6 16. e5 Bb3 17. Qd2 cxd4 18. cxd4 Rb7 19. Bc5 Rab8 20. h4 Bd5 21. Qf4 h6 22. Nh2 Qd3 23. Ng4 Kh7 24. a5 Rb1 25. Raxb1 Rxb1 26. Bxa7 h5 27. Rxb1 Qxb1+ 28. Kh2 hxg4 29. Qxg4 Qe1 30. f3 Qxa5 31. Bc5 Qc7 32. h5 gxh5 33. Qxh5+ Kg8 34. Qh4 f6 35. f4 Qd7 36. Qh5 Bf7 37. Qf3 Qe8 38. Qe4 Bd5 39. Qf5 e6 40. Qg4 f5 41. Qh4 Qg6 42. g3 Qh6 43. Qxh6 Bxh6 44. Kg1 Bf8 45. Kf2 Bxc5 46. dxc5 Kf7 0-1


[Site "https://www.chess.com"]

[Event "Titled Tuesday Blitz June 21 Late 2022"]
[White "Oro, Luis"]
[Black "Fiorito, Fabian"]
[WhiteFideId "104094"]
[BlackFideId "100200"]
[WhiteElo "2367"]
[BlackElo "2395"]
[Result "1-0"]
[Round "04"]
[TimeControl "180+1"]
[Date "2022.06.22"]
[WhiteClock "0:00:45"]
[BlackClock "0:00:18"]

1. e4 c6 2. d4 d6 3. c3 Nf6 4. Bd3 e5 5. Nf3 Nbd7 6. O-O Be7 7. Nbd2 O-O 8. Re1 Qc7 9. Nf1 b5 10. Ng3 Nb6 11. Bg5 Re8 12. Rc1 Be6 13. b3 h6 14. Bd2 Rad8 15. c4 bxc4 16. bxc4 c5 17. d5 Bd7 18. Nh4 Nfxd5 19. Nhf5 Nf4 20. Qg4 g6 21. Bxf4 exf4 22. Nxh6+ Kh7 23. Qxf4 Rf8 24. Ng4 Bxg4 25. Qxg4 Qd7 26. Qf3 Bg5 27. Rcd1 Kg7 28. e5 Qc7 29. e6 fxe6 30. Qg4 Qe7 31. Rxe6 Qf7 32. Rxg6+ Qxg6 33. Bxg6 1-0


[Site "https://www.chess.com"]

[Event "Titled Tuesday Blitz June 21 Late 2022"]
[White "Pakleza, Zbigniew"]
[Black "Jobava, Baadur"]
[WhiteFideId "1119290"]
[BlackFideId "13601520"]
[WhiteElo "2467"]
[BlackElo "2617"]
[Result "1/2-1/2"]
[Round "04"]
[TimeControl "180+1"]
[Date "2022.06.21"]
[WhiteClock "0:00:09"]
[BlackClock "0:01:01"]

1. d4 d5 2. Bf4 Nf6 3. e3 c5 4. c3 cxd4 5. cxd4 Nc6 6. Nc3 Bf5 7. Qb3 Qd7 8. Nf3 a6 9. Ne5 Nxe5 10. dxe5 Ne4 11. Qxd5 Nxc3 12. Qxd7+ Bxd7 13. bxc3 Rc8 14. c4 e6 15. Bd3 Bc6 16. f3 g5 17. Bg3 h5 18. h4 g4 19. Kf2 Rg8 20. Rab1 Bc5 21. Bf4 Rd8 22. Rhd1 Be7 23. fxg4 Rxg4 24. g3 Rg8 25. Be2 Rh8 26. Bf3 Rxd1 27. Rxd1 Bxf3 28. Kxf3 Bc5 29. Bg5 Be7 30. Bf4 Bd8 31. c5 Bc7 32. Rb1 Kd7 33. Rxb7 Kc6 34. Ra7 a5 35. e4 Rd8 36. g4 Rd3+ 37. Ke2 Rh3 38. gxh5 Rxh4 39. Bd2 Rxh5 40. Bxa5 Bxe5 41. Rxf7 Rh2+ 42. Kd3 Rxa2 43. Bb6 Ra3+ 44. Kc4 Ra4+ 45. Kd3 Ra3+ 46. Kc4 Re3 47. Re7 Rxe4+ 48. Kd3 Rd4+ 49. Ke3 Kd5 50. Rd7+ Kc4 51. Rxd4+ Bxd4+ 52. Ke4 Bxc5 53. Bxc5 Kxc5 54. Ke5 Kc6 55. Kxe6 1/2-1/2


[Site "https://www.chess.com"]

[Event "Titled Tuesday Blitz June 21 Late 2022"]
[White "Papp, Levente"]
[Black "Makarian, Rudik"]
[WhiteFideId "751243"]
[BlackFideId "44105681"]
[WhiteElo "2308"]
[BlackElo "2398"]
[Result "1-0"]
[Round "04"]
[TimeControl "180+1"]
[Date "2022.06.21"]
[WhiteClock "0:00:41"]
[BlackClock "0:00:53"]

1. c4 g6 2. g3 Bg7 3. Bg2 c5 4. Nc3 Nc6 5. e3 h5 6. h3 d6 7. Nge2 Bd7 8. O-O Qc8 9. Kh2 Nf6 10. d4 O-O 11. d5 Na5 12. b3 e5 13. dxe6 Bxe6 14. Bb2 Rd8 15. Nf4 Rb8 16. Nxe6 Qxe6 17. Qc2 a6 18. Rad1 b5 19. cxb5 axb5 20. Nd5 Nxd5 21. Bxd5 Qf5 22. e4 Qc8 23. Bxg7 Kxg7 24. Qc3+ f6 25. Qxa5 Qd7 26. Qc3 Qe7 27. f4 c4 28. b4 Rbc8 29. Ra1 Qa7 30. a4 bxa4 31. Ra2 Rc7 32. Rfa1 h4 33. gxh4 Rh8 34. Kg3 Qb6 35. Rxa4 Rb8 36. Ra6 Qxb4 37. Qxb4 Rxb4 38. Ra7 Rxa7 39. Rxa7+ Kh6 40. Bg8 Rb3+ 41. Kg4 f5+ 42. exf5 gxf5+ 43. Kxf5 Rb5+ 44. Kf6 1-0


[Site "https://www.chess.com"]

[Event "Titled Tuesday Blitz June 21 Late 2022"]
[White "Petrovic, Aleksa"]
[Black "Melikyan, Gnel"]
[WhiteFideId "967629"]
[BlackFideId "54109990"]
[WhiteElo "2117"]
[BlackElo "1772"]
[Result "1/2-1/2"]
[Round "04"]
[TimeControl "180+1"]
[Date "2022.06.22"]
[WhiteClock "0:00:04"]
[BlackClock "0:00:09"]

1. d4 Nf6 2. c4 g6 3. f3 Bg7 4. e4 d6 5. Nc3 O-O 6. Nge2 c5 7. d5 e6 8. Ng3 a6 9. a4 Re8 10. Be2 exd5 11. cxd5 b6 12. O-O Nbd7 13. Bf4 Qe7 14. Qd2 Bb7 15. Rae1 Ne5 16. Bh6 Bh8 17. Qg5 Bc8 18. f4 Neg4 19. Bxg4 Nxg4 20. Qxe7 Bd4+ 21. Kh1 Rxe7 22. Bg5 f6 23. Bh4 Nf2+ 24. Rxf2 Bxf2 25. Rf1 Bd4 26. Nce2 Bxb2 27. Rb1 Ba3 28. Rxb6 c4 29. Bxf6 Re8 30. e5 Bc5 31. Rc6 Bd7 32. Rc7 Ra7 33. Rxa7 Bxa7 34. e6 Bxa4 35. Ne4 Bb8 36. Bc3 Re7 37. Nf6+ Kf8 38. f5 Bc2 39. fxg6 hxg6 40. Ng3 a5 41. Nd7+ Rxd7 42. exd7 Ke7 43. Bxa5 Kxd7 44. Nf1 Ba7 45. Nd2 Bd3 46. Bc3 Be3 47. g3 g5 48. Kg2 g4 49. h3 Be2 50. hxg4 Bxg4 51. Kf1 Bf5 52. Ke2 Bg5 53. Nxc4 Bg4+ 54. Kd3 Bf5+ 55. Ke2 Bg4+ 56. Kd3 Bf5+ 57. Ke2 1/2-1/2


[Site "https://www.chess.com"]

[Event "Titled Tuesday Blitz June 21 Late 2022"]
[White "Prydun, Andriy"]
[Black "Guz, Ari"]
[WhiteFideId "14145898"]
[BlackFideId "2825759"]
[WhiteElo "2063"]
[BlackElo "1913"]
[Result "0-1"]
[Round "04"]
[TimeControl "180+1"]
[Date "2022.06.22"]
[WhiteClock "0:01:56"]
[BlackClock "0:01:28"]

1. d4 Nf6 2. Nf3 b6 3. Nc3 Bb7 4. e3 e6 5. Bd3 d5 6. Ne5 Nbd7 7. f4 Bd6 8. O-O O-O 9. Qf3 c5 10. Bd2 a6 11. Be1 b5 12. Bh4 b4 13. Nd1 c4 14. Be2 Be7 15. Nf2 Ne4 16. Bxe7 Qxe7 17. Nxc4 dxc4 18. Nxe4 f5 19. d5 Bxd5 20. Bxc4 Bxc4 0-1


[Site "https://www.chess.com"]

[Event "Titled Tuesday Blitz June 21 Late 2022"]
[White "Przybylski, Wojciech"]
[Black "Romero Ruscalleda, Josep"]
[WhiteFideId "1117599"]
[BlackFideId "2231859"]
[WhiteElo "2133"]
[BlackElo "2377"]
[Result "1/2-1/2"]
[Round "04"]
[TimeControl "180+1"]
[Date "2022.06.22"]
[WhiteClock "0:00:13"]
[BlackClock "0:00:01"]

1. e4 g6 2. d4 Bg7 3. Nf3 d6 4. h3 a6 5. Nc3 b5 6. a4 b4 7. Nd5 a5 8. Bd3 c6 9. Ne3 Nd7 10. O-O Ba6 11. Bd2 Bxd3 12. cxd3 e6 13. Rc1 Ne7 14. Nc4 Qc7 15. Bf4 e5 16. dxe5 dxe5 17. Be3 O-O 18. Qb3 h6 19. Rc2 Kh7 20. Nfd2 f5 21. f4 fxe4 22. dxe4 exf4 23. Bf2 Ne5 24. Nxe5 Bxe5 25. Nf3 g5 26. Qe6 Bg7 27. e5 Rad8 28. h4 Ng6 29. Rxc6 Qf7 30. h5 Qxe6 31. Rxe6 Nh8 32. Rc1 Rfe8 33. Rxe8 Rxe8 34. Rc7 Kg8 35. Bd4 Nf7 36. e6 Rxe6 37. Rc8+ Kh7 38. Rc7 Bxd4+ 39. Nxd4 Rf6 40. Ra7 Kg7 41. Rxa5 Nd6 42. Ra7+ Rf7 43. Ra6 Ne4 44. a5 Rd7 45. Nf5+ Kf8 46. Rxh6 Rd1+ 47. Kh2 Nf2 48. g4 Nxg4+ 49. Kg2 Nxh6 50. Nxh6 Rd2+ 51. Kf3 Rxb2 52. Nf5 Ra2 53. h6 Kg8 54. Ne7+ Kh7 55. Nd5 b3 56. Nf6+ Kxh6 57. a6 Rxa6 58. Ng4+ 1/2-1/2


[Site "https://www.chess.com"]

[Event "Titled Tuesday Blitz June 21 Late 2022"]
[White "Remolar Gallen, Jose"]
[Black "Araujo Filho, Luiz Antonio Coel"]
[WhiteFideId "2215187"]
[BlackFideId "2130661"]
[WhiteElo "2205"]
[BlackElo "2185"]
[Result "1/2-1/2"]
[Round "04"]
[TimeControl "180+1"]
[Date "2022.06.22"]
[WhiteClock "0:00:09"]
[BlackClock "0:00:06"]

1. d4 f5 2. Nf3 Nf6 3. c4 g6 4. Nc3 Bg7 5. g3 O-O 6. Bg2 d6 7. O-O Nc6 8. Rb1 e5 9. dxe5 dxe5 10. Qxd8 Rxd8 11. Bg5 e4 12. Ne1 h6 13. Bxf6 Bxf6 14. Nd5 Be5 15. Nc2 Be6 16. Rfd1 Rd7 17. f3 exf3 18. exf3 Bxd5 19. cxd5 Ne7 20. f4 Bf6 21. Ne3 Re8 22. Kf2 Nc8 23. Nc4 Nd6 24. Nxd6 Rxd6 25. Rd2 Kf7 26. Rbd1 Ke7 27. Re2+ Kd7 28. Rxe8 Kxe8 29. b3 Kd7 30. Ke2 Ra6 31. Rd2 Kd6 32. Kd3 Ra5 33. b4 Ra3+ 34. Kc4 Re3 35. Rc2 a6 36. a4 Ra3 37. a5 Re3 38. b5 axb5+ 39. Kxb5 Bd4 40. a6 bxa6+ 41. Kxa6 Bc5 42. Kb5 Rb3+ 43. Kc4 Rb4+ 44. Kd3 Ra4 45. Re2 Ra3+ 46. Kd2 Ra2+ 47. Kd3 Rxe2 48. Kxe2 Bg1 49. h3 Kc5 50. Kf3 Kd4 51. g4 Bh2 52. g5 hxg5 53. fxg5 Be5 54. h4 Bg7 55. Kg3 Ke5 56. Bf3 Bf8 57. h5 gxh5 58. Bxh5 f4+ 59. Kf3 Kf5 60. Bf7 Kxg5 61. Be6 Bd6 62. Bg8 Be5 63. Be6 Bd6 64. Bg8 Kf6 65. Be6 Ke5 66. Bg8 Be7 67. Be6 c6 68. dxc6 Kxe6 69. Kxf4 Kd6 70. Ke4 Kc7 71. Kf3 Bd6 72. Ke2 Kxc6 1/2-1/2


[Site "https://www.chess.com"]

[Event "Titled Tuesday Blitz June 21 Late 2022"]
[White "Reprintsev, Alexander"]
[Black "Dilmukhametov, Artur"]
[WhiteFideId "14100541"]
[BlackFideId "24179922"]
[WhiteElo "2108"]
[BlackElo "2206"]
[Result "0-1"]
[Round "04"]
[TimeControl "180+1"]
[Date "2022.06.22"]
[WhiteClock "0:00:25"]
[BlackClock "0:01:46"]

1. e4 e6 2. Qe2 e5 3. f4 exf4 4. d4 d5 5. exd5+ Be7 6. Bxf4 Nf6 7. d6 cxd6 8. Nc3 O-O 9. O-O-O d5 10. Nf3 Nc6 11. Ne5 Bb4 12. Bg5 Bxc3 13. bxc3 Qa5 14. Bxf6 gxf6 15. Nxc6 bxc6 16. Rd3 Qa3+ 17. Kd2 Bf5 18. Rg3+ Kh8 19. Qf3 Bg6 20. Qxf6+ Kg8 21. h4 Rab8 22. h5 Rb1 23. hxg6 Qc1+ 24. Kd3 Qd1+ 25. Ke3 Qe1+ 26. Kf3 Qxf1+ 27. Rxf1 Rxf1+ 0-1


[Site "https://www.chess.com"]

[Event "Titled Tuesday Blitz June 21 Late 2022"]
[White "Ricaurte Lopez, Juan Carlos"]
[Black "Tang, Zoey"]
[WhiteFideId "3600327"]
[BlackFideId "30952530"]
[WhiteElo "2209"]
[BlackElo "1636"]
[Result "0-1"]
[Round "04"]
[TimeControl "180+1"]
[Date "2022.06.22"]
[WhiteClock "0:00:02"]
[BlackClock "0:00:11"]

1. e4 c5 2. Nf3 d6 3. d4 cxd4 4. Nxd4 Nf6 5. Nc3 Nc6 6. f4 Qb6 7. Nf3 g6 8. Bc4 Bg7 9. Bb3 O-O 10. Qe2 Bg4 11. Be3 Qb4 12. a3 Qa5 13. O-O e5 14. h3 exf4 15. Bxf4 Nd4 16. Qf2 Nxf3+ 17. gxf3 Bxh3 18. Rfd1 Nh5 19. Bxd6 Rfd8 20. Rd5 Qa6 21. Rad1 Qc6 22. Ba4 Qc8 23. Bh2 Rxd5 24. Rxd5 Bxc3 25. bxc3 Qxc3 26. Be5 Qxa3 27. Bb3 Qc1+ 28. Kh2 Be6 29. Rd6 Bxb3 30. cxb3 Qg5 31. Qd4 Rc8 32. Qd2 Qxe5+ 33. Kg2 Nf4+ 34. Kf2 Ne6 0-1


[Site "https://www.chess.com"]

[Event "Titled Tuesday Blitz June 21 Late 2022"]
[White "Riehle, Marco"]
[Black "Ivic, Velimir"]
[WhiteFideId "12904392"]
[BlackFideId "950122"]
[WhiteElo "2462"]
[BlackElo "2610"]
[Result "0-1"]
[Round "04"]
[TimeControl "180+1"]
[Date "2022.06.21"]
[WhiteClock "0:00:29"]
[BlackClock "0:00:17"]

1. e4 c5 2. a3 Nc6 3. b4 e5 4. b5 Nd4 5. c3 Ne6 6. Nf3 d6 7. Bc4 Nf6 8. d3 Be7 9. O-O O-O 10. Re1 Re8 11. Nbd2 Bf8 12. Nf1 g6 13. Ne3 Bg7 14. Nd5 Nxd5 15. Bxd5 Nc7 16. c4 a6 17. Bg5 Qd7 18. a4 Nxd5 19. cxd5 axb5 20. axb5 Rxa1 21. Qxa1 Qxb5 22. Qc3 Bg4 23. Nd2 h6 24. Be3 Ra8 25. Rb1 Qa6 26. Qb3 Be2 27. Nc4 b5 28. Nb2 Bg4 29. f3 Bd7 30. Nd1 b4 31. Nb2 Bb5 32. f4 exf4 33. Bxf4 Bd4+ 34. Kh1 Qa2 35. Qc2 Ra3 36. h4 Bxd3 0-1


[Site "https://www.chess.com"]

[Event "Titled Tuesday Blitz June 21 Late 2022"]
[White "Rios Escobar, Adan"]
[Black "Pulpan, Jakub"]
[WhiteFideId "3403645"]
[BlackFideId "302759"]
[WhiteElo "2456"]
[BlackElo "2495"]
[Result "0-1"]
[Round "04"]
[TimeControl "180+1"]
[Date "2022.06.22"]
[WhiteClock "0:00:01"]
[BlackClock "0:00:05"]

1. d4 Nf6 2. g3 d5 3. Nf3 e6 4. c4 Be7 5. Bg2 O-O 6. O-O dxc4 7. Qc2 b5 8. a4 b4 9. Bg5 Bb7 10. Bxf6 Bxf6 11. Ng5 Bxg5 12. Bxb7 Nd7 13. Bxa8 Qxa8 14. Qxc4 Qe4 15. Qxb4 Qxe2 16. Qb5 Qxb5 17. axb5 Ra8 18. Nc3 Bf6 19. Rfd1 Nb6 20. Kg2 Kf8 21. Ne4 Ke7 22. h4 Kd8 23. Ra6 Nc8 24. Nxf6 gxf6 25. d5 Ke7 26. Rda1 Rb8 27. Rc6 Kd7 28. Rac1 Rb7 29. dxe6+ fxe6 30. R6c5 f5 31. Re1 Nd6 32. Rce5 Rxb5 33. Rxe6 Rxb2 34. Re7+ Kc6 35. Rc1+ Kd5 36. Rcxc7 Ne4 37. Rcd7+ Kc6 38. Rxa7 Nxf2 39. Rac7+ Kd6 40. Rcd7+ Kc6 41. Kf3 Ng4 42. Kf4 Rf2+ 43. Kg5 h6+ 44. Kg6 Rf3 45. Rc7+ Kd6 46. Rcd7+ Kc6 47. Rd1 Ne3 48. Re6+ Kc5 49. Rg1 Kd5 50. Ra6 Ng4 51. Ra5+ Ke6 52. Re1+ Ne3 53. Kxh6 Rxg3 54. h5 f4 55. Kh7 Kf7 56. h6 Ng4 57. Ra7+ Kf6 58. Ra6+ Kf7 59. Ra7+ Kf6 60. Rg7 Kf5 61. Ra1 Nf6+ 62. Kh8 Rb3 63. Ra5+ Ke4 64. Re7+ Kf3 65. h7 Kg4 66. Kg7 Nxh7 67. Kxh7 f3 68. Rf7 Kg3 69. Rg5+ Kf2 70. Rgf5 Ke2 71. Re7+ Re3 72. Ref7 Rd3 73. Kg6 Re3 74. Kg5 Rd3 75. Kg4 Rd4+ 76. Kg3 Rd8 77. Rxf3 Rg8+ 78. Kh4 Rg1 79. R3f6 Ke3 80. Re7+ Kd4 81. Rd6+ Kc5 82. Rd2 Kc6 83. Re8 Kc7 84. Re3 Rc1 85. Ree2 Rg1 0-1


[Site "https://www.chess.com"]

[Event "Titled Tuesday Blitz June 21 Late 2022"]
[White "Roman, Rodrigo"]
[Black "Dauner, Benedikt"]
[WhiteFideId "3701220"]
[BlackFideId "16225899"]
[WhiteElo "2001"]
[BlackElo "2230"]
[Result "1-0"]
[Round "04"]
[TimeControl "180+1"]
[Date "2022.06.22"]
[WhiteClock "0:00:23"]
[BlackClock "0:00:01"]

1. e4 b6 2. Nf3 Bb7 3. Nc3 e6 4. d4 Nf6 5. Bd3 Bb4 6. Qe2 d5 7. exd5 Qxd5 8. O-O Bxc3 9. bxc3 Qh5 10. Bb5+ Nbd7 11. Bf4 Bxf3 12. Qxf3 Qxf3 13. gxf3 Nd5 14. Bc6 Rc8 15. Bb7 Nxf4 16. Bxc8 Nb8 17. Bb7 c6 18. a4 Kd7 19. a5 b5 20. a6 Ne2+ 21. Kg2 Nxc3 22. Rfe1 Kc7 23. Re5 Nd5 24. Rc1 Nd7 25. Rg5 g6 26. c4 bxc4 27. Rxc4 Ne7 28. f4 Nb6 29. Rc2 Nbd5 30. Kf3 f5 31. Rg1 Nf6 32. Rgc1 Ne4 33. Bxc6 Nd6 34. Bd5+ Kb6 35. Bxe6 Nb5 36. Ke3 Rd8 37. Rb1 Rd6 38. Rcb2 Rxe6+ 39. Kd3 1-0


[Site "https://www.chess.com"]

[Event "Titled Tuesday Blitz June 21 Late 2022"]
[White "Roque Sola, Jose Luis"]
[Black "Rama, Tejas"]
[WhiteFideId "5120390"]
[BlackFideId "30907381"]
[WhiteElo "1983"]
[BlackElo "1430"]
[Result "0-1"]
[Round "04"]
[TimeControl "180+1"]
[Date "2022.06.22"]
[WhiteClock "0:01:02"]
[BlackClock "0:00:22"]

1. c4 Nf6 2. Nc3 e5 3. Nf3 Nc6 4. g3 d5 5. cxd5 Nxd5 6. Nxd5 Qxd5 7. d3 Be6 8. Bg2 Be7 9. O-O Qd7 10. Ng5 Bxg5 11. Bxg5 O-O 12. a3 a5 13. Rc1 f6 14. Be3 Nd4 15. Bxd4 exd4 16. Bxb7 Rab8 17. Bc6 Qd6 18. Qd2 a4 19. Bxa4 c5 20. b4 Bh3 21. bxc5 Qd5 22. f3 Bxf1 23. Rxf1 Qxc5 24. Qa2+ Kh8 25. Bb3 Rfe8 26. a4 Qc3 27. Bc4 Rb2 0-1


[Site "https://www.chess.com"]

[Event "Titled Tuesday Blitz June 21 Late 2022"]
[White "Rosenberg, Evan S"]
[Black "Dobre, Claudiu-Cristian"]
[WhiteFideId "2019299"]
[BlackFideId "1211854"]
[WhiteElo "2345"]
[BlackElo "2207"]
[Result "0-1"]
[Round "04"]
[TimeControl "180+1"]
[Date "2022.06.22"]
[WhiteClock "0:00:01"]
[BlackClock "0:00:27"]

1. e4 Nc6 2. Nc3 e5 3. Bc4 Nf6 4. d3 Na5 5. Nge2 Bc5 6. O-O O-O 7. Bg5 c6 8. a3 Nxc4 9. dxc4 a5 10. Qd3 a4 11. Rad1 d6 12. h3 Be6 13. Ng3 h6 14. Be3 Nd7 15. Bxc5 Nxc5 16. Qxd6 Qxd6 17. Rxd6 g6 18. Rfd1 Bxc4 19. Nf1 h5 20. Ne3 Be6 21. Kh2 Ra6 22. Rd8 Rb6 23. Rxf8+ Kxf8 24. Rd8+ Ke7 25. Ra8 Rxb2 26. Nxa4 Nxa4 27. Rxa4 b5 28. Ra7+ Kd6 29. Kg3 Ra2 30. Ra5 Kc5 31. h4 Kb6 32. Ra8 Kb7 33. Ra5 Ra1 34. f4 Re1 35. Kf2 Rh1 36. fxe5 Rxh4 37. Kf3 Rh1 38. c4 bxc4 39. Rc5 Rc1 40. Ra5 c3 41. Ra4 c5 42. Ra5 Kb6 43. Ra8 c2 44. Nxc2 Rxc2 45. a4 Rc3+ 46. Kf4 Kb7 47. Rd8 Ra3 48. Kg5 c4 49. Kf6 c3 0-1


[Site "https://www.chess.com"]

[Event "Titled Tuesday Blitz June 21 Late 2022"]
[White "Rychkov, Roman"]
[Black "Fiol, Fabrice"]
[WhiteFideId "30985595"]
[BlackFideId "611670"]
[WhiteElo "2294"]
[BlackElo "2472"]
[Result "1-0"]
[Round "04"]
[TimeControl "180+1"]
[Date "2022.06.22"]
[WhiteClock "0:00:18"]
[BlackClock "0:00:18"]

1. e4 c5 2. Nf3 e6 3. c4 Nc6 4. Nc3 a6 5. a3 Qc7 6. d4 cxd4 7. Nxd4 Nf6 8. Be3 Ne5 9. Rc1 d6 10. h3 Be7 11. f4 Ng6 12. Bd3 b6 13. O-O Bb7 14. Qe2 O-O 15. b4 e5 16. Nd5 Nxd5 17. cxd5 Qd8 18. Nc6 Bxc6 19. Rxc6 exf4 20. Bxb6 Qe8 21. Bxa6 Ne5 22. Rc3 f3 23. gxf3 Bf6 24. Bb5 Qb8 25. Bf2 Ng6 26. Rb3 Nf4 27. Qc4 Rc8 28. Bc6 Nxh3+ 29. Kh2 Nxf2 30. Rxf2 Qa7 31. Rg2 Be5+ 32. Kh1 Qe7 33. Kg1 Qh4 34. Qf1 Bd4+ 35. Rf2 Rab8 36. Kg2 Qg5+ 37. Kh1 Qh4+ 38. Kg2 f5 39. f4 fxe4 40. Rh3 Qf6 41. Rd2 e3 42. Re2 Rf8 43. Rhxe3 Bxe3 44. Rxe3 Qb2+ 45. Kg3 Rf6 46. Qe2 Qa1 47. Re8+ Rf8 48. Qe6+ Kh8 49. Rxb8 Rxb8 50. Qxd6 Qb2 51. Qxb8# 1-0


[Site "https://www.chess.com"]

[Event "Titled Tuesday Blitz June 21 Late 2022"]
[White "Sanchez Alarcon, Juan"]
[Black "Peatman, Carter"]
[WhiteFideId "3401332"]
[BlackFideId "2096480"]
[WhiteElo "2164"]
[BlackElo "2469"]
[Result "0-1"]
[Round "04"]
[TimeControl "180+1"]
[Date "2022.06.22"]
[WhiteClock "0:01:16"]
[BlackClock "0:00:26"]

1. e4 e5 2. Nf3 Nf6 3. Nxe5 d6 4. Nf3 Nxe4 5. d4 d5 6. Bd3 Nd6 7. O-O Be7 8. Bf4 O-O 9. c3 Nd7 10. Re1 Re8 11. Nbd2 Nf8 12. Qc2 g6 13. Ne5 Ne6 14. Bg3 Ng7 15. h3 Bf5 16. Re2 Bxd3 17. Qxd3 Ngf5 18. Bh2 Bf6 19. Rae1 Re7 20. Ng4 Bg7 21. Be5 Re6 22. Bxg7 Rxe2 23. Rxe2 Kxg7 24. Qf3 Qd7 25. Ne5 Qb5 26. Nf1 Re8 27. Ne3 c6 28. Nxf5+ Nxf5 29. Rd2 f6 30. Ng4 Re1+ 31. Kh2 Qf1 0-1


[Site "https://www.chess.com"]

[Event "Titled Tuesday Blitz June 21 Late 2022"]
[White "Sanchez, Robert"]
[Black "Mikhalsky, Vladimir"]
[WhiteFideId "2034360"]
[BlackFideId "14144352"]
[WhiteElo "2016"]
[BlackElo "2301"]
[Result "0-1"]
[Round "04"]
[TimeControl "180+1"]
[Date "2022.06.22"]
[WhiteClock "0:01:27"]
[BlackClock "0:00:43"]

1. e4 c5 2. Nf3 Nc6 3. d4 cxd4 4. Nxd4 Nf6 5. Nc3 e5 6. Ndb5 d6 7. Bg5 a6 8. Bxf6 gxf6 9. Na3 f5 10. Bd3 fxe4 11. Bxe4 Bg7 12. Nc4 Nd4 13. O-O O-O 14. a4 f5 15. Bd5+ Kh8 16. Ne2 Nxe2+ 17. Qxe2 Rf6 18. a5 Rg6 19. Rfd1 e4 20. c3 Qg5 21. f3 Be5 22. Nxe5 dxe5 23. Rd2 e3 24. Rd3 f4 25. Be4 Bf5 26. Bxf5 Qxf5 27. Rad1 Rag8 28. Rd8 Rxd8 29. Rxd8+ Rg8 30. Rxg8+ Kxg8 31. Qc4+ Kg7 32. Qc7+ Kh6 33. Qxb7 Qb1# 0-1


[Site "https://www.chess.com"]

[Event "Titled Tuesday Blitz June 21 Late 2022"]
[White "Semenenko, Dmytry"]
[Black "Carrasco Miranda, Andres"]
[WhiteFideId "14118645"]
[BlackFideId "3405990"]
[WhiteElo "2113"]
[BlackElo "2177"]
[Result "1-0"]
[Round "04"]
[TimeControl "180+1"]
[Date "2022.06.22"]
[WhiteClock "0:01:02"]
[BlackClock "0:00:01"]

1. Nf3 Nf6 2. c4 g6 3. d4 Bg7 4. Nc3 d5 5. Qb3 dxc4 6. Qxc4 O-O 7. e4 Nc6 8. d5 Na5 9. Qa4 c6 10. dxc6 Nxc6 11. Be2 Nd7 12. O-O Nb6 13. Qc2 Bg4 14. Be3 Bxf3 15. Bxf3 Nd4 16. Bxd4 Qxd4 17. Rfd1 Qc5 18. Qb3 Qc4 19. Nd5 Qxb3 20. Nxe7+ Kh8 21. axb3 Bxb2 22. Rab1 Be5 23. Rbc1 Rfd8 24. Nd5 Nxd5 25. exd5 Bd6 26. Rc4 a5 27. h4 Kg7 28. h5 Kf6 29. hxg6 hxg6 30. g4 b5 31. Rc6 Ke5 32. Re1+ Kf4 33. Kg2 a4 34. Re4+ Kg5 35. bxa4 bxa4 36. Rc2 a3 37. Ra2 Rh8 38. Be2 Rh2+ 39. Kg1 Rh4 40. f3 Rb8 41. Bd3 Rb2 42. Rxb2 axb2 43. Re2 Bc5+ 44. Kg2 Bd4 45. Kg3 Rh8 46. f4+ Kf6 47. Re4 Bc3 48. Rc4 Bd2 49. d6 Rd8 50. Rc6 Bb4 51. d7+ Ke7 52. Rb6 Be1+ 53. Kf3 Rxd7 54. Ke2 Bg3 55. Rxb2 Bxf4 56. Rb4 Be5 57. Re4 Kd6 58. Ke3 f5 59. gxf5 gxf5 60. Rc4 Re7 61. Kf3 Kd5 62. Ra4 Bd6 63. Bxf5 Rf7 64. Kg4 Ke5 65. Re4+ Kd5 66. Re2 Rg7+ 67. Kh5 Bf4 68. Bg6 Kd4 69. Re4+ Kd5 70. Rxf4 Ke5 71. Rf5+ Ke6 72. Kg5 Ra7 73. Rf6+ Ke5 74. Rf5+ Ke6 75. Rf4 Ke5 76. Re4+ Kd5 77. Re8 Kd6 78. Bf5 Ra1 79. Re6+ Kd5 80. Kf6 Rf1 81. Re5+ Kd4 82. Re8 Rf2 83. Rd8+ Kc5 84. Ke5 Re2+ 85. Be4 Re1 86. Rc8+ Kb4 87. Kd4 Ka3 88. Bd3 Kb2 89. Rb8+ Ka1 90. Kc3 Rc1+ 91. Bc2 Rb1 92. Rxb1+ 1-0


[Site "https://www.chess.com"]

[Event "Titled Tuesday Blitz June 21 Late 2022"]
[White "Shimanov, Aleksandr"]
[Black "Bayo Milagro, Alvaro"]
[WhiteFideId "4198603"]
[BlackFideId "22275240"]
[WhiteElo "2605"]
[BlackElo "2270"]
[Result "1-0"]
[Round "04"]
[TimeControl "180+1"]
[Date "2022.06.21"]
[WhiteClock "0:00:07"]
[BlackClock "0:00:10"]

1. e4 e5 2. Nf3 Nc6 3. Bb5 a6 4. Ba4 Nf6 5. Nc3 Bb4 6. d3 d6 7. O-O b5 8. Bb3 Na5 9. Ne2 Bc5 10. Ng3 O-O 11. Bg5 Nxb3 12. axb3 h6 13. Bh4 Bg4 14. Bxf6 Qxf6 15. h3 Bxf3 16. Qxf3 Qxf3 17. gxf3 a5 18. Nf5 Kh7 19. Ra2 g6 20. Ne7 a4 21. Rfa1 Rae8 22. Nd5 axb3 23. cxb3 f5 24. Nxc7 Re7 25. Nd5 Ref7 26. exf5 Rxf5 27. f4 exf4 28. Nc3 Bd4 29. Re1 R8f7 30. Re4 Bc5 31. b4 Ba7 32. Ra6 Rg5+ 33. Kf1 f3 34. Rxd6 Rg2 35. d4 Rh2 36. Kg1 Rg2+ 37. Kf1 Rh2 38. Ke1 Rxh3 39. Nxb5 Rh1+ 40. Kd2 Rf1 41. Ke3 Re1+ 42. Kd3 Rb1 43. Rde6 Bb8 44. Re8 Bh2 45. R4e7 Kg7 46. Nc3 Rxb2 47. Nd1 Rxb4 48. Rxf7+ Kxf7 49. Re3 Rb3+ 50. Ke4 Rxe3+ 51. fxe3 Bb8 52. Kxf3 h5 53. e4 g5 54. e5 g4+ 55. Kf4 Ke6 56. Ne3 Bc7 57. d5+ Kd7 58. Nf5 Ke8 59. d6 Bb8 60. e6 Bxd6+ 61. Nxd6+ Ke7 62. Ke5 g3 63. Nf5+ Ke8 64. Nxg3 h4 65. Ne4 h3 66. Nf6+ Kd8 67. Ng4 Ke7 68. Kf5 Ke8 69. Kf6 Kf8 70. e7+ Ke8 71. Nh2 1-0


[Site "https://www.chess.com"]

[Event "Titled Tuesday Blitz June 21 Late 2022"]
[White "Sibilio, Mario"]
[Black "Fishbein, Alexander"]
[WhiteFideId "800422"]
[BlackFideId "2000377"]
[WhiteElo "2296"]
[BlackElo "2442"]
[Result "0-1"]
[Round "04"]
[TimeControl "180+1"]
[Date "2022.06.22"]
[WhiteClock "0:00:35"]
[BlackClock "0:00:47"]

1. Nf3 Nf6 2. d4 c5 3. d5 b5 4. c4 b4 5. a3 g6 6. axb4 cxb4 7. Be3 Bg7 8. Bd4 O-O 9. Nbd2 a5 10. e3 d6 11. Be2 Nbd7 12. O-O Nc5 13. Nb3 Nxb3 14. Qxb3 Nd7 15. Bxg7 Kxg7 16. e4 Nc5 17. Qe3 e5 18. dxe6 Bxe6 19. Rad1 Qc7 20. Qd4+ Kg8 21. Qe3 a4 22. Nd4 a3 23. Nb5 Qa5 24. bxa3 bxa3 25. Nxd6 a2 26. h4 Qa3 27. Qd4 Nb3 28. Qf6 a1=Q 29. Rxa1 Qxd6 30. Rad1 Nd2 31. Qb2 Rfd8 32. c5 Qd4 33. Qxd4 Rxd4 34. c6 Rc8 0-1


[Site "https://www.chess.com"]